 Dungeon Crawl Stone Soup version 0.29-a0-1023-g6ae1a4a2c7 (webtiles) character file.

Game seed: 8283669889239907631

1896 Newt the Ducker (level 8, -7/60 (68) HPs)
             Began as a Green Draconian Artificer on Aug 11, 2022.
             Was a Follower of Qazlal.
             Mangled by a wyvern (12 damage)
             ... on level 6 of the Dungeon.
             The game lasted 00:12:05 (9011 turns).

Newt the Ducker (Green Draconian Artificer)         Turns: 9011, Time: 00:12:06

HP:   -7/60 (68)    AC:  7    Str: 17    XL:     8   Next: 93%
MP:   8/8           EV: 18    Int: 12    God:    Qazlal [*.....]
Gold: 215           SH:  1    Dex: 11    Spells: 7/7 levels left

rFire   . . .      SeeInvis .   m - +0 flail
rCold   . . .      Faith    .   (no shield)
rNeg    . . .      Spirit   .   (body armour unavailable)
rPois   +          Reflect  .   (helmet restricted)
rElec   .          Harm     .   (no cloak)
rCorr   .          Rampage  .   s - +0 pair of gloves
Will    .....                   (no boots)
Stlth   +.........              (no amulet)
HPRegen 0.20/turn               h - +4 ring of evasion
MPRegen 0.11/turn               (no ring)

@: heavily drained
A: breathe noxious fumes, AC +6, unfitting armour, poison resistance,
cold-blooded
a: Breathe Noxious Fumes, Renounce Religion


You were on level 6 of the Dungeon.
You worshipped Qazlal.
Qazlal was aware of your devotion.
You visited 1 branch of the dungeon, and saw 6 of its levels.

You collected 336 gold pieces.
You spent 121 gold pieces at shops.

Inventory:

Hand Weapons
 a - a +0 club
 j - a +0 whip
 k - a +0 sling
 m - a +0 flail (weapon)
 p - a +0 whip of distortion
Missiles
 n - a throwing net
Armour
 s - a +0 pair of gloves (worn)
Jewellery
 h - a +4 ring of evasion (left hand)
Wands
 c - a wand of charming (12)
 d - a wand of iceblast (4)
Scrolls
 l - a scroll of blinking
 r - a scroll of amnesia {unknown}
 u - a scroll of fear
Potions
 b - a potion of lignification
 e - 3 potions of flight
 f - a potion of curing
 g - 2 potions of haste
 i - a potion of brilliance
 o - 2 potions of degeneration
 q - 2 potions of berserk rage
 t - a potion of ambrosia {unknown}


   Skills:
 - Level 5.0 Fighting
 + Level 5.1 Maces & Flails
 + Level 7.9 Dodging
 - Level 0.8 Stealth
 - Level 5.0 Evocations


You had 7 spell levels left.
You didn't know any spells.
Your spell library contained the following spells:

 Spells                   Type           Power      Damage    Failure   Level
 Summon Ice Beast         Ice/Summ       0%         N/A       97%         4
 Summon Mana Viper        Hex/Summ       0%         N/A       100%        5
 Monstrous Menagerie      Summ           0%         N/A       100%        7


Dungeon Overview and Level Annotations

Branches:
Dungeon (6/15)             Temple (0/1) D:5

Altars:
Qazlal
Xom

Shops:
D:3 !   D:4 !   D:6 =*


Innate Abilities, Weirdness & Mutations

You can breathe blasts of noxious fumes.
Your lurid green scales are hard. (AC +6)
You cannot fit into any form of body armour.
Your system is resistant to poisons. (rPois)
You are cold-blooded and may be slowed by cold attacks.


Message History

You kill the hound!
Qazlal accepts your kill.
No target in view!
No target in view!
HP restored.
You see here a hound corpse.
Found an escape hatch in the ceiling.
There is an escape hatch in the ceiling here.
A howler monkey comes into view.
You sock the howler monkey!
The howler monkey is severely wounded.
The howler monkey completely misses you.
You sock the howler monkey!
You kill the howler monkey!
Qazlal accepts your kill.
No target in view!
No target in view!
A wyvern comes into view.
A wyvern is nearby!
The wyvern hisses angrily.
The wyvern bites you! x2
You sock the wyvern!
The wyvern is moderately wounded.
The wyvern completely misses you. The wyvern bites you.
You are too injured to fight recklessly!
You are too injured to fight recklessly!
You are too injured to fight recklessly!
You hit the wyvern.
The wyvern is heavily wounded.
You block the wyvern's attack.
You hit the wyvern.
The wyvern is heavily wounded.
The wyvern bites you! x2
* * * LOW HITPOINT WARNING * * *
Unknown command.
Unknown command.
You barely miss the wyvern.
The wyvern is heavily wounded.
The wyvern bites you!
You die...

.# #..#.# ####
.# #..#.# .#
#..#.# .#
#..#.##### .#
##.......# .#
#.#.###.# ####
#.#.# .# ...#
#.#.###l# ##.#
#.#...@.# #.#
#.............
#.######
##############
#.....<#
########


You could see a wyvern.

Vanquished Creatures
  Eustachio (D:6)
  Menkaure (D:6)
  A water moccasin (D:6)
  An ice beast (D:5)
  2 ogres (D:5)
  A centaur (D:6)
  4 scorpions
  3 wights (D:6)
  A howler monkey (D:6)
  6 hounds
  A gnoll bouda (D:5)
  2 iguanas
  6 orc wizards
  Robin (D:3)
  12 gnolls
  11 adders
  A white imp (D:6)
  An ufetubus (D:5)
  2 worms (D:2)
  3 dart slugs
  10 orcs
  6 endoplasms
  A giant cockroach (D:3)
  8 hobgoblins
  7 kobolds
  4 quokkas
  4 ball pythons
  3 bats
  3 frilled lizards
  16 goblins
  A rat (D:2)
124 creatures vanquished.

Vanquished Creatures (collateral kills)
  2 gnolls (D:5)
2 creatures vanquished.

Grand Total: 126 creatures vanquished

Notes
Turn   | Place    | Note
-------+----------+-------------------------------------------
     0 | D:1      | Newt the Draconian Artificer began the quest for the Orb.
     0 | D:1      | Reached XP level 1. HP: 16/16 MP: 1/1
   412 | D:1      | Reached skill level 1 in Maces & Flails
   412 | D:1      | Reached XP level 2. HP: 21/23 MP: 2/2
  1351 | D:1      | Found a faded altar of an unknown god.
  1532 | D:2      | Reached XP level 3. HP: 25/28 MP: 3/3
  1788 | D:2      | Reached XP level 4. HP: 34/35 MP: 4/4
  2387 | D:2      | Reached XP level 5. HP: 10/40 MP: 5/5
  3055 | D:2      | You fall into a shaft and drop 2 floors!
  3240 | D:3      | Found Vosofah's Distillery.
  3268 | D:3      | Bought a potion of might for 56 gold pieces
  3556 | D:3      | Reached skill level 5 in Evocations
  3683 | D:3      | Noticed Robin
  3701 | D:3      | Killed Robin
  4154 | D:3      | Reached XP level 6. HP: 27/47 MP: 6/6
  4972 | D:4      | Found Vibunuomp's Distillery.
  4976 | D:4      | Bought a potion of heal wounds for 65 gold pieces
  5145 | D:4      | Found a shimmering altar of Xom.
  5273 | D:4      | Found a stormy altar of Qazlal.
  5387 | D:4      | Became a worshipper of Qazlal Stormbringer
  5530 | D:4      | Reached skill level 5 in Maces & Flails
  5833 | D:5      | Entered Level 5 of the Dungeon
  6020 | D:5      | Noticed an ice beast
  6030 | D:5      | Killed an ice beast
  6031 | D:5      | Reached skill level 3 in Dodging
  6031 | D:5      | Your scales start taking on a lurid green colour.
  6031 | D:5      | Reached XP level 7. HP: 26/56 MP: 7/7
  6031 | D:5      | Gained mutation: Your system is resistant to poisons.
                  | (rPois) [Green Draconian growth]
  6430 | D:5      | Reached skill level 4 in Dodging
  6599 | D:5      | Found a staircase to the Ecumenical Temple.
  7377 | D:5      | Reached skill level 5 in Fighting
  7377 | D:5      | Reached XP level 8. HP: 59/68 MP: 8/8
  7709 | D:6      | Reached skill level 5 in Dodging
  7974 | D:6      | Found Sergh's Jewellery Shoppe.
  8024 | D:6      | Noticed Eustachio
  8037 | D:6      | Killed Eustachio
  8038 | D:6      | Reached skill level 6 in Dodging
  8171 | D:6      | Reached * piety under Qazlal
  8259 | D:6      | Found Veoqur's Serpentskin Sales.
  8352 | D:6      | Noticed Menkaure
  8362 | D:6      | Killed Menkaure
  8363 | D:6      | Reached skill level 7 in Dodging
  9011 | D:6      | Mangled by a wyvern

Illustrated notes

Levels and vault maps discovered:
D:1:      grunt_arrival_lava_bath, layout_basic,
          dreamdust_ecumenical_altar_angels_and_demons
D:2:      minmay_alternating_diamond, layout_loops_corners, chequers_mini_garden
D:3:      layout_loops_cross, serial_shops, shop, uniq_robin
D:4:      minmay_angry_zag, layout_cave_pools,
          mainiacjoe_overflow_surrounded_room, lemuel_doored_altar,
          serial_shops, shop, serial_column_ruins, column_ruins_corridor_water,
          column_ruins_open_tiny, column_ruins_open_tiny,
          column_ruins_open_medium, column_ruins_grid_3, lemuel_flame_loot_1
D:5:      layout_cave_pods, minmay_temple_entry_tees,
          hangedman_abyss_or_decor_lesser_grid
D:6:      layout_basic, serial_shops, nicolae_shop_statue_plus, nrook_campfire,
          guppyfry_shop_venom, uniq_eustachio, uniq_menkaure

Skill      XL: |  1  2  3  4  5  6  7  8 |
---------------+-------------------------+-----
Maces & Flails | 1 2 3 4 5 |  5.1
Evocations     | 4 5 |  5.0
Fighting       | 2 5 |  5.0
Dodging        | 3 4 7 |  7.9
Stealth        | |  0.8

Action                   |  1- 3 |  4- 6 |  7- 9 || total
-------------------------+-------+-------+-------++-------
Melee: Club              |    85 |   185 |       ||   270
       Tailslap          |    12 |    32 |    30 ||    74
       Punch             |     1 |     5 |     2 ||     8
       Whip              |       |   137 |       ||   137
       Flail             |       |    21 |   199 ||   220
 Abil: Breathe Noxious F |       |       |     4 ||     4
Evoke: Wand              |     5 |    12 |     6 ||    23
  Use: Scroll            |     2 |     9 |     5 ||    16
       Potion            |       |     3 |     2 ||     5
 Stab: Sleeping          |       |     6 |       ||     6
       Confused          |       |       |     3 ||     3
Armor: Skin              |    27 |    61 |    53 ||   141
Dodge: Dodged            |    64 |   259 |   227 ||   550
Block: Other             |       |       |     2 ||     2

Table legend: (Time is in decaauts)
 A = Elapsed time spent in this place.
 B = Non-inter-level travel time spent in this place.
 C = Inter-level travel time spent in this place.
 D = Time resting spent in this place.
 E = Time spent auto-exploring this place.
 F = Levels seen in this place.
 G = Mean time per level.
                   A        B        C        D        E       F      G
               +--------+--------+--------+--------+--------+-----+--------+
         Total |   9078 |   8931 |    147 |   2955 |   4781 |   6 | 1513.0 |
       Dungeon |   9078 |   8931 |    147 |   2955 |   4781 |   6 | 1513.0 |
               +--------+--------+--------+--------+--------+-----+--------+

Top non-repeatable levels by time:
     D:5: 1824 daAuts
     D:1: 1718 daAuts
     D:4: 1436 daAuts
     D:6: 1385 daAuts
     D:2: 1374 daAuts
     D:3: 1339 daAuts
